 Dungeon Crawl Stone Soup version 0.29.1-2-gbd0b4ee654 (webtiles) character file.

Game seed: 3543975150977848175

536 bullfish the Slasher (level 7, -6/55 HPs)
             Began as a Purple Draconian Gladiator on Nov 14, 2022.
             Was a Believer of Cheibriados.
             Mangled by an ogre
             ... wielding a +0 giant spiked club
              (21 damage)
             ... on level 4 of the Dungeon.
             The game lasted 00:14:00 (5148 turns).

bullfish the Slasher (Purple Draconian Gladiator)   Turns: 5148, Time: 00:14:01

Health: -6/55      AC:  7    Str: 22    XL:     7   Next: 4%
Magic:  10/10      EV: 13    Int: 14    God:    Cheibriados [**....]
Gold:   234        SH:  0    Dex: 21    Spells: 6/6 levels left

rFire   . . .      SeeInvis .   a - +0 long sword
rCold   . . .      Faith    .   (no shield)
rNeg    . . .      Spirit   .   (body armour unavailable)
rPois   .          Reflect  .   b - +0 hat
rElec   .          Harm     .   (no cloak)
rCorr   .          Rampage  .   y - +0 pair of gloves
Will    +....                   (no boots)
Stlth   ++........              h - amulet of the acrobat
HPRegen 0.18/turn               (no ring)
MPRegen 0.12/turn               (no ring)

@: very slow
A: breathe power, AC +6, unfitting armour, cold-blooded
a: Breathe Dispelling Energy, Renounce Religion, Bend Time


You were on level 4 of the Dungeon.
You worshipped Cheibriados.
Cheibriados was pleased with you.
You visited 1 branch of the dungeon, and saw 5 of its levels.

You collected 234 gold pieces.

Inventory:

Hand Weapons
 a - a +0 long sword (weapon)
 n - the +1 sling "Eklau" {flame, Str+6}
   (You found it on level 2 of the Dungeon)

   Any ammunition fired from it burns those it strikes, dealing additional fire
   damage.
   Str:       It affects your strength (+6).
 p - a +3 hand axe
 w - a +0 dagger of protection
Missiles
 c - 3 throwing nets (quivered)
 d - a javelin
 f - 29 stones
 k - 5 boomerangs
 x - 6 poisoned darts
Armour
 b - a +0 hat (worn)
 y - a +0 pair of gloves (worn)
Magical Staves
 u - a staff of poison
Jewellery
 h - an amulet of the acrobat (around neck)
Wands
 s - a wand of flame (6)
Scrolls
 g - a scroll of magic mapping
 i - a scroll of fear
 j - 4 scrolls of teleportation
 q - a scroll of amnesia
 v - 2 scrolls of enchant armour {unknown}
Potions
 e - 3 potions of heal wounds
 l - a potion of haste {unknown}
 m - 2 potions of curing {unknown}
 o - a potion of cancellation {unknown}
 r - a potion of flight {unknown}
 t - a potion of attraction {unknown}


   Skills:
 - Level 2.1 Fighting
 + Level 6.8 Long Blades
 - Level 1.7 Throwing
 - Level 2.6 Dodging
 - Level 4.4 Invocations


You had 6 spell levels left.
You didn't know any spells.
Your spell library contained the following spells:

 Spells                   Type           Power      Damage    Failure   Level
 Sting                    Tmut/Pois      0%         1d3       28%         1
 Poisonous Vapours        Pois/Air       0%         N/A       41%         2
 Scorch                   Fire           0%         2d5       41%         2
 Call Canine Familiar     Summ           0%         N/A       65%         3
 Portal Projectile        Hex/Tloc       0%         N/A       65%         3
 Flame Wave               Conj/Fire      0%         2d4       96%         4
 Leda's Liquefaction      Hex/Erth       0%         N/A       96%         4
 Olgreb's Toxic Radiance  Pois           0%         N/A       96%         4
 Summon Cactus Giant      Summ           0%         N/A       100%        6


Dungeon Overview and Level Annotations

Branches:
Dungeon (5/15)             Temple (0/1) D:4

Altars:
Cheibriados
Trog

Shops:
D:3 [   D:4 (


Innate Abilities, Weirdness & Mutations

You can breathe bolts of dispelling energy.
Your rich purple scales are hard. (AC +6)
You cannot fit into any form of body armour.
You are cold-blooded and may be slowed by cold attacks.


Message History

Search for what [Enter for "d:3", or ? for help]? d:4
(D) Dungeon (T) Temple
Where to? (Enter - D:4, ? - help)
There is a stone staircase leading down here.
You climb downwards.
Found 10 gold pieces.
There is a stone staircase leading up here.
No target in view!
You now have 234 gold pieces (gained 10).
An ogre comes into view. It is wielding a +0 giant spiked club.
The ogre shouts!
You hear a shout!
The ogre moves out of view.
A gnoll comes into view. It is wielding a +0 flail.
You hit the ogre but do no damage.
The ogre hits you with a +0 giant spiked club!!
You barely miss the ogre. The ogre misses you.
You hit the ogre.
The ogre is lightly wounded.
The ogre closely misses you.
You barely miss the ogre.
The ogre is lightly wounded.
The ogre closely misses you. The ogre attacks as you move away!
The ogre hits you with a +0 giant spiked club!
The ogre attacks as you move away! The ogre closely misses you.
There is a stone staircase leading up here.
The ogre barely misses you.
You climb upwards.
There is a stone staircase leading down here.
You hit the ogre.
The ogre is moderately wounded.
The ogre hits you with a +0 giant spiked club!
* * * LOW HITPOINT WARNING * * *
You hit the ogre.
The ogre is moderately wounded.
You hit the ogre.
The ogre is heavily wounded.
The ogre hits you with a +0 giant spiked club!!
You die...

#.##### #.....# #.###.#
### #.# #.# ####.#
#######.###.###.##.####
#.....................#
#########.#.###.##..#.##
##### #...#
#.##.....#####.... #####
#@...........'....
#######.O...#.######....
###.............# #....
#...............# #....
#.#####.####+#..######....
#.# #...##...........'....
#.###.#.##......######....
######.......##.....##
#....
#......###.####.....#
#....


You could see an ogre.

Vanquished Creatures
  An ogre (D:4)
  2 scorpions
  A necrophage (D:4)
  An iron imp (D:4)
  Jessica (D:3)
  Natasha (D:2)
  An orc wizard (D:3)
  7 adders
  3 worms
  4 dart slugs
  5 orcs
  6 ball pythons
  4 bats
  12 endoplasms
  A giant cockroach (D:2)
  7 goblins
  5 hobgoblins
  11 jackals
  5 quokkas
  3 frilled lizards
  5 kobolds
  7 rats
93 creatures vanquished.

Notes
Turn   | Place    | Note
-------+----------+-------------------------------------------
     0 | D:1      | bullfish the Draconian Gladiator began the quest for the
                  | Orb.
     0 | D:1      | Reached XP level 1. HP: 17/17 MP: 1/1
   469 | D:1      | Reached XP level 2. HP: 23/24 MP: 2/2
   814 | D:1      | Reached skill level 4 in Long Blades
  1432 | D:2      | Reached XP level 3. HP: 29/29 MP: 3/3
  1448 | D:2      | Noticed Natasha
  1455 | D:2      | Killed Natasha
  1591 | D:2      | Found a faded altar of an unknown god.
  1609 | D:2      | Prayed at the altar of an unknown god.
  1609 | D:2      | Became a worshipper of Cheibriados the Contemplative
  1609 | D:2      | Reached * piety under Cheibriados
  1638 | D:2      | Reached XP level 4. HP: 8/36 MP: 4/4
  1648 | D:2      | Reached skill level 5 in Long Blades
  1920 | D:2      | Identified the +1 sling "Eklau" {flame, Str+6}
  3033 | D:3      | Reached XP level 5. HP: 30/41 MP: 2/5
  3415 | D:3      | Reached skill level 6 in Long Blades
  3437 | D:3      | Noticed Jessica
  3445 | D:3      | Reached ** piety under Cheibriados
  3453 | D:3      | Killed Jessica
  3454 | D:3      | Reached skill level 1 in Invocations
  3663 | D:3      | Found Nulan's Armour Shoppe.
  3882 | D:3      | Reached XP level 6. HP: 48/48 MP: 6/8
  3929 | D:3      | Found a bloodstained altar of Trog.
  4513 | D:4      | Found Afukk's Weapon Boutique.
  4589 | D:4      | Found a snail-covered altar of Cheibriados.
  4811 | D:4      | Your scales start taking on a rich purple colour.
  4811 | D:4      | Reached XP level 7. HP: 40/55 MP: 10/10
  4967 | D:4      | Found a staircase to the Ecumenical Temple.
  5125 | D:5      | Entered Level 5 of the Dungeon
  5148 | D:4      | Mangled by an ogre

Illustrated notes

Levels and vault maps discovered:
D:1:      psy_arrival_fountain, layout_loops_ring, skrybe_limestone_x
D:2:      layout_basic, basic_ecumenical_altar, st_stairs_4, uniq_natasha
D:3:      layout_basic, bloody_trog, serial_shops, nicolae_lakefront_shop,
          minmay_fractal_squares_diagonal_5, uniq_jessica
D:4:      layout_basic, chei_slow_surprise, minmay_temple_entry_hall,
          serial_shops, nicolae_shop_behind_doors
D:5:      layout_loops_ring, grunt_temple_overflow_lords_of_destruction,
          mainiacjoe_overflow_boulevard, minmay_curled_crystal

Skill      XL: |  1  2  3  4  5  6 |
---------------+-------------------+-----
Long Blades    | 4 5 6 |  6.8
Invocations    | 3 4 |  4.4
Fighting       | |  2.1
Throwing       | |  1.7
Dodging        | |  2.6

Action                   |  1- 3 |  4- 6 |  7- 9 || total
-------------------------+-------+-------+-------++-------
Melee: Long sword        |    96 |   220 |     8 ||   324
       Tailslap          |     6 |    22 |     1 ||    29
       Punch             |       |     1 |       ||     1
Throw: Stone             |     5 |       |       ||     5
       Throwing net      |       |     1 |       ||     1
Invok: Bend Time         |       |     2 |       ||     2
  Use: Scroll            |       |     6 |       ||     6
 Stab: Sleeping          |     2 |     3 |       ||     5
Armor: Skin              |    35 |    72 |       ||   107
Dodge: Dodged            |    66 |   208 |     7 ||   281
